 Dungeon Crawl Stone Soup version 0.27-a0-1548-gf8a67e7463 (webtiles) character file.

Game seed: 4817419223246506384

121333 tsouns the Bludgeoner (level 16, -3/96 HPs)
             Began as a Gargoyle Monk on July 14, 2021.
             Was the Champion of Hepliaklqana.
             Shot with an arrow by a centaur warrior (8 damage)
             ... on level 14 of the Dungeon.
             The game lasted 00:57:52 (28764 turns).

tsouns the Bludgeoner (Gargoyle Monk)              Turns: 28764, Time: 00:57:52

Health: -3/96      AC: 46    Str: 19    XL:     16   Next: 84%
Magic:  0/25       EV:  5    Int: 16    God:    Hepliaklqana [******]
Gold:   2303       SH: 19    Dex: 12    Spells: 9/15 levels left

rFire    . . .     SeeInvis +   y - +4 eveningstar (venom)
rCold    + + .     Faith    .   n - +0 tower shield
rNeg     + . .     Spirit   +   I - +5 plate armour {rC+}
rPois    ∞         Reflect  .   J - +1 helmet {SInv}
rElec    +         Harm     .   z - +2 cloak
rCorr    .         Rampage  .   V - +2 pair of gloves {Stlth+}
Will     ++...                  U - +0 pair of boots
Stlth    ..........             g - amulet of guardian spirit
HPRegen  0.26/turn              f - ring of willpower
MPRegen  0.19/turn              r - ring of protection from cold

@: flying
A: reduced essence, sickness immunity, AC +12, big wings, negative energy
resistance 1, electricity resistance, torment resistance 1, petrification
resistance, iridescent scales 1, strong 1
a: Renounce Religion, Recall Ancestor, Ancestor Identity, Transference, Idealise


You were on level 14 of the Dungeon.
You worshipped Hepliaklqana.
Hepliaklqana was exalted by your worship.
You visited 3 branches of the dungeon, and saw 22 of its levels.
You also visited: Bailey and Ice Cave.

You collected 3229 gold pieces.
You spent 926 gold pieces at shops.

Inventory:

Hand Weapons
 y - a +4 eveningstar of venom (weapon)
 A - the +12 mace "Mefiop" {vorpal, *Corrode rC- rN++ Int+8}
   (You found it on level 7 of the Dungeon)

   It inflicts extra damage upon your enemies.
   Int:       It affects your intelligence (+8).
   rC:        It makes you vulnerable to cold.
   rN:        It greatly protects you from negative energy.
   *Corrode:  It may corrode you when you take damage.
 R - the +5 flail of Conformity {vamp, rElec Dex+4}
   (You found it in an ice cave)

   It inflicts no extra harm, but heals its wielder when it wounds a living foe.
   Dex:       It affects your dexterity (+4).
   rElec:     It insulates you from electricity.
Missiles
 a - 66 boomerangs
 j - 76 poisoned darts (quivered)
 t - 4 throwing nets
 v - 4 curare-tipped darts
 w - 3 boomerangs of dispersal
 G - 8 silver javelins
 Y - 6 javelins
Armour
 n - a +0 tower shield (worn)
 z - a +2 cloak (worn)
 C - the +3 hat of Vehumet's Castigation {rPois}
   (You bought it in a shop on level 2 of the Orcish Mines)

   rPois:     It protects you from poison.
 I - a +5 plate armour of cold resistance (worn)
 J - a +1 helmet of see invisible (worn)
 U - a +0 pair of boots (worn)
 V - a +2 pair of gloves of stealth (worn)
Jewellery
 f - a ring of willpower (left hand)
 g - an amulet of guardian spirit (around neck)
 h - a ring of wizardry
 r - a ring of protection from cold (right hand)
Wands
 l - a wand of flame (130)
 q - a wand of iceblast (3)
 E - a wand of paralysis (15)
 K - a wand of mindburst (9)
 M - a wand of polymorph (13)
 S - a wand of charming (7)
Scrolls
 b - a scroll of fear
 d - 4 scrolls of amnesia
 e - 7 scrolls of teleportation
 m - a scroll of blinking
 x - 2 scrolls of brand weapon
 F - 5 scrolls of identify
 H - a scroll of torment
 P - 2 scrolls of magic mapping
 W - a scroll of enchant armour
 Z - a scroll of immolation
Potions
 i - 7 potions of curing
 k - 5 potions of lignification
 o - 5 potions of brilliance
 p - 2 potions of might
 s - 7 potions of flight
 B - 2 potions of berserk rage
 D - 3 potions of haste
 L - a potion of heal wounds
 N - a potion of ambrosia
 O - 2 potions of resistance
 Q - a potion of invisibility
 X - a potion of magic
Miscellaneous
 c - a tin of tremorstones (1/2)
 u - a condenser vane (inert)
 T - a phantom mirror


   Skills:
 + Level 14.4 Fighting
 - Level 16.0 Maces & Flails
 + Level 14.1 Armour
 - Level 2.4 Dodging
 - Level 2.1 Stealth
 + Level 13.5 Shields
 + Level 12.1 Invocations


You had 9 spell levels left.
You knew the following spells:

 Your Spells              Type           Power      Damage    Failure   Level
a - Shadow Creatures      Summ           N/A        N/A       100%        6

Your spell library contained the following spells:

 Spells                   Type           Power      Damage    Failure   Level
 Corona                   Hex            0%         N/A       100%        1
 Sandblast                Erth           0%         2d4       100%        1
 Sting                    Tmut/Pois      0%         1d3       100%        1
 Summon Small Mammal      Summ           0%         N/A       100%        1
 Ensorcelled Hibernation  Hex/Ice        0%         N/A       100%        2
 Passwall                 Tmut/Erth      0%         N/A       100%        2
 Poisonous Vapours        Pois/Air       0%         N/A       100%        2
 Call Canine Familiar     Summ           0%         N/A       100%        3
 Ozocubu's Armour         Ice            0%         N/A       100%        3
 Spider Form              Tmut/Pois      0%         N/A       100%        3
 Summon Guardian Golem    Hex/Summ       0%         N/A       100%        3
 Tukima's Dance           Hex            0%         N/A       100%        3
 Animate Dead             Necr           0%         N/A       100%        4
 Fulminant Prism          Conj/Hex       0%         3d6       100%        4
 Iskenderun's Mystic Bla  Conj/Tloc      0%         2d3       100%        4
 Olgreb's Toxic Radiance  Pois           0%         N/A       100%        4
 Passage of Golubria      Tloc           N/A        N/A       100%        4
 Blade Hands              Tmut           0%         N/A       100%        5
 Borgnjor's Vile Clutch   Necr/Erth      0%         N/A       100%        5
 Irradiate                Conj/Tmut      0%         3d13      100%        5
 Lee's Rapid Deconstruct  Erth           0%         3d5*      100%        5
 Silence                  Hex/Air        0%         N/A       100%        5
 Death Channel            Necr           0%         N/A       100%        6
 Dragon Form              Tmut           0%         N/A       100%        7
 Ozocubu's Refrigeration  Ice            0%         4d5       100%        7
 Lehudib's Crystal Spear  Conj/Erth      0%         10d2      100%        8


Dungeon Overview and Level Annotations

Branches:
Dungeon (14/15) Temple (0/1) D:5 Lair (6/6) D:11 Swamp (0/4) Lair:3 Spider (0/4) Lair:2 Slime (0/5) Lair:6 Orc (2/2) D:12 Elf (0/3) Orc:2 Vaults (0/5) D:12 D:13 Bailey (visited) IceCv (visited)

Altars:
Ashenzari
Dithmenos
Fedhas
Hepliaklqana
Kikubaaqudgha
Nemelex Xobeh
Qazlal
Ru
Sif Muna
Uskayaw
Xom

Shops:
D:2 (   D:7 [   D:12 ([   Orc:2 [=[?

Annotations:
Lair:3 2 transporters, exclusions: ice statue and oklob plant, Hyuhua's ghost, journeyman MiBe
Lair:4 exclusion: 3 oklob plants
Lair:6 exclusion: 3 oklob plants
Orc:1 2 runed translucent doors, tsouns's ghost, journeyman KoEn


Innate Abilities, Weirdness & Mutations

Your life essence is reduced to manifest your ancestor. (-10% HP)
You are immune to sickness and miasma.
Your stone body is resilient. (AC +12)
You are immune to poison.
Your large and strong wings let you fly.
You resist negative energy. (rN+)
You are resistant to electric shocks. (rElec)
You are resistant to unholy torment.
You are immune to petrification.
You are partially covered in iridescent scales. (AC +2)
Your muscles are strong. (Str +2)


Message History

You impale the red ugly thing!!
The red ugly thing looks as sick as possible!
The red ugly thing is moderately wounded.
A centaur comes into view.
A centaur comes into view.
The centaur wields a +0 shortbow.
The centaur shoots an arrow.
You block the arrow.
The centaur shouts!
A centaur warrior comes into view.
The centaur shoots an arrow.
You block the arrow. 2 centaurs come into view.
The centaur warrior shouts!
The centaur shouts! x2
The centaur wields a +0 shortbow.
The centaur shoots an arrow.
You block the arrow.
The centaur wields a +1 vorpal shortbow.
The centaur shoots an arrow.
The arrow hits you!
The centaur warrior wields a +0 shortbow.
The centaur warrior shoots an arrow.
The arrow hits you but does no damage.
The centaur shoots an arrow.
The arrow hits you.
Things that are here:
an ugly thing corpse; an ugly thing corpse The centaur shoots an arrow.
You block the arrow.
The centaur shoots an arrow.
The arrow barely misses you.
The centaur warrior shoots an arrow.
You block the arrow.
You see here an ugly thing corpse.
The centaur shoots an arrow.
You block the arrow.
The centaur wields a +0 shortbow.
The centaur shoots an arrow.
The arrow hits you but does no damage.
The centaur warrior shoots an arrow.
The arrow hits you!
* * * LOW HITPOINT WARNING * * *
The centaur shoots an arrow.
You block the arrow.
You see here 11 gold pieces.
As you read the scroll of fear, it crumbles to dust.
You assume a fearsome visage.
The red ugly thing looks frightened!
The purple ugly thing looks frightened!
The green ugly thing looks frightened!
The centaur warrior easily resists.
The centaur looks frightened! x4
The centaur warrior shoots an arrow.
The arrow hits you!
* * * LOW HITPOINT WARNING * * *
The centaur warrior shoots an arrow.
The arrow hits you!
You die...

.....u........#
....c).......##
............u.##
.........#.....#...
......u†###†.......
.....c..†#.........
.........$.........
...................
.........@.........
#..................
##.................
##................
##..............
##..<.........
##...........
##..........
##.........


You could see 2 ugly things, a centaur warrior and a centaur (fleeing).

Vanquished Creatures
  Rupert (D:12)
  Donald (Orc:2)
  A frost giant (IceCv)
  Josephine (D:10)
  Harold (D:11)
  Erolcha (D:13)
  11 hydras
  2 ogre magi (Orc:2)
  2 centaur warriors (D:13)
  A catoblepas (Lair:6)
  10 two-headed ogres
  10 death yaks
  Urug (D:13)
  A fire crab (shapeshifter) (D:12)
  2 goliath frogs (Lair:6)
  A swamp dragon (shapeshifter) (D:13)
  2 deep trolls (Orc:2)
  3 bog bodies (Lair:3)
  2 orc knights
  2 deep elf pyromancers
  An oklob plant (Lair:2)
  6 ugly things
  3 cyclopes (Orc:2)
  A manticore (D:13)
  24 elephants
  5 black mambas
  22 cane toads
  2 gargoyles (D:13)
  2 unseen horrors
  An ice statue (IceCv)
  Maggie (D:10)
  6 komodo dragons
  An efreet (D:13)
  3 rime drakes
  15 trolls
  Grinder (D:3)
  12 polar bears
  2 tyrant leeches (Lair:6)
  25 blink frogs
  A hornet (D:11)
  A slime creature (D:10)
  11 dream sheep (Lair:5)
  2 vampires
  6 wraiths
  3 shadows
  4 wyverns
  Eustachio (D:4)
  5 basilisks
  63 yaks
  15 humans
  2 steam dragons (D:7)
  Grum (D:9)
  2 death yak simulacra (Orc:2)
  15 vampire mosquitoes
  2 swamp worms (Lair:3)
  A warg (Orc:2)
  An acid dragon (D:11)
  8 water moccasins
  6 black bears
  13 orc warriors
  2 sky beasts
  A necrophage (D:6)
  6 centaurs
  27 ogres
  34 wolves
  A phantom (D:6)
  2 kobold brigands
  A scorpion (D:7)
  3 gnoll sergeants
  3 two-headed ogre simulacra (Orc:2)
  15 bullfrogs
  2 wyvern zombies
  2 water moccasin skeletons
  6 killer bees
  2 wights (D:8)
  7 electric eels
  6 howler monkeys
  A hexer (D:10)
  9 centaur zombies
  3 hounds
  2 centaur skeletons
  11 orc priests
  3 bullfrog skeletons
  A gnoll shaman (Orc:1)
  Ijyb (D:4)
  Terence (D:3)
  3 iguanas
  13 orc wizards
  Natasha (thrice) (D:4)
  A polar bear simulacrum (Orc:2)
  Robin (D:4)
  12 gnolls
  5 adders
  2 naga simulacra (Orc:2)
  A white imp (D:6)
  An ufetubus (D:4)
  An adder skeleton (D:4)
  2 worms (D:3)
  4 dart slugs
  61 orcs
  7 endoplasms
  6 giant cockroaches
  23 goblins
  11 hobgoblins
  4 jackals (D:1)
  A quokka (D:3)
  6 ball pythons
  5 bats
  3 frilled lizards
  23 kobolds
  6 rats
  A bush (D:7)
710 creatures vanquished.

Vanquished Creatures (collateral kills)
  A boulder beetle (Lair:3)
  2 hydras
  An anaconda (Lair:6)
  Erica (D:10)
  A two-headed ogre (D:7)
  An orc knight (Bailey)
  A slime creature (D:10)
  Maurice (D:13)
  6 elephants
  2 black mambas
  Joseph (D:9)
  4 cane toads
  A rime drake (Lair:6)
  3 komodo dragons
  4 polar bears
  2 trolls (Orc:2)
  A tyrant leech (Lair:5)
  3 blink frogs (Lair:6)
  A dream sheep (Lair:5)
  Sigmund (D:2)
  A human (D:12)
  A basilisk (Lair:2)
  11 yaks
  A wraith (D:10)
  A vampire mosquito (Lair:6)
  A water moccasin (Lair:6)
  3 orc warriors
  7 wolves
  5 bullfrogs
  A killer bee (D:11)
  A wight (D:8)
  An electric eel (D:12)
  A howler monkey (D:8)
  An orc wizard (Orc:2)
  A gnoll (Orc:1)
  A white imp (D:8)
  8 orcs
  A bat (D:2)
  A goblin (D:10)
  4 kobolds
90 creatures vanquished.

Vanquished Creatures (others)
  19 hexers
  A bush (Lair:6)
  17 fungi
  116 plants
153 creatures vanquished.

Grand Total: 953 creatures vanquished

Notes
Turn   | Place    | Note
-------+----------+-------------------------------------------
     0 | D:1      | tsouns the Gargoyle Monk began the quest for the Orb.
     0 | D:1      | Reached XP level 1. HP: 14/14 MP: 1/1
    51 | D:1      | Reached XP level 2. HP: 9/19 MP: 2/2
   325 | D:1      | Reached skill level 1 in Armour
   522 | D:1      | Reached XP level 3. HP: 23/23 MP: 3/3
   856 | D:2      | Noticed Sigmund
  1339 | D:3      | Reached skill level 4 in Maces & Flails
  1339 | D:3      | Reached XP level 4. HP: 12/29 MP: 1/4
  1596 | D:3      | Reached XP level 5. HP: 21/33 MP: 3/5
  1772 | D:3      | Noticed Grinder
  1773 | D:3      | Gained mutation: You are partially covered in iridescent
                  | scales. (AC +2) [potion of mutation]
  1773 | D:3      | Gained mutation: You are clumsy. (Dex -2) [potion of
                  | mutation]
  1773 | D:3      | Gained mutation: Your muscles are strong. (Str +2) [potion
                  | of mutation]
  1773 | D:3      | Lost mutation: You are clumsy. (Dex -2) [potion of
                  | mutation]
  1787 | D:3      | Paralysed by Grinder for 3 turns
  1839 | D:3      | Killed Grinder
  1840 | D:3      | Reached skill level 5 in Maces & Flails
  1840 | D:3      | Reached XP level 6. HP: 15/40 MP: 3/6
  2063 | D:3      | Noticed Terence
  2126 | D:3      | Killed Terence
  2140 | D:3      | Reached skill level 5 in Fighting
  2140 | D:3      | Reached XP level 7. HP: 16/44 MP: 4/7
  2761 | D:4      | Noticed Ijyb
  2773 | D:4      | Reached skill level 6 in Maces & Flails
  2780 | D:4      | Killed Ijyb
  2823 | D:4      | Noticed Eustachio
  3171 | D:4      | Killed Eustachio
  3475 | D:4      | Reached XP level 8. HP: 33/51 MP: 4/8
  3498 | D:4      | Identified the +1 leather armour "Fuyf" {*Slow rElec rF++}
  3587 | D:4      | Reached skill level 7 in Maces & Flails
  3753 | D:4      | Reached skill level 5 in Armour
  4376 | D:4      | Reached skill level 8 in Maces & Flails
  4512 | D:4      | Noticed Natasha
  4538 | D:4      | Killed Natasha
  4686 | D:4      | Noticed Natasha
  4696 | D:4      | Killed Natasha
  4851 | D:4      | Noticed Robin
  4879 | D:4      | Killed Robin
  5068 | D:5      | Entered Level 5 of the Dungeon
  5421 | D:5      | Reached XP level 9. HP: 23/56 MP: 4/9
  5790 | D:5      | Found a staircase to the Ecumenical Temple.
  5874 | D:5      | Reached skill level 1 in Shields
  6710 | D:6      | Reached skill level 9 in Maces & Flails
  7039 | D:6      | Found a hide-covered altar of Uskayaw.
  7276 | D:6      | Found a sparkling altar of Nemelex Xobeh.
  7497 | D:6      | You fall into a shaft and drop 2 floors!
  7688 | D:7      | Reached skill level 5 in Shields
  7778 | D:7      | Reached XP level 10. HP: 60/64 MP: 10/10
  8012 | D:7      | Found Rudeoth's Armour Boutique.
  8017 | D:7      | Found a blossoming altar of Fedhas.
  8037 | D:7      | Identified the +12 mace "Mefiop" {vorpal, *Corrode rC- rN++
                  | Int+8}
  8353 | D:7      | Identified a scroll of acquirement
  8353 | D:7      | Acquired a +1 eveningstar of venom
  8758 | D:4      | Noticed Natasha
  8768 | D:4      | Killed Natasha
  8838 | D:2      | Found a faded altar of an unknown god.
  8849 | D:2      | Found Muolicyf's Weapon Emporium.
  8864 | D:2      | Became a worshipper of Hepliaklqana the Forgotten
  8864 | D:2      | Reached * piety under Hepliaklqana
  8864 | D:2      | Reached ** piety under Hepliaklqana
  8965 | D:2      | Reached *** piety under Hepliaklqana
  8968 | D:2      | Killed Sigmund
  9149 | D:2      | Remembered your ancestor Marketa as a hexer
  9727 | D:8      | Noticed a two-headed ogre
  9758 | D:7      | Killed a two-headed ogre
  9759 | D:7      | Reached skill level 10 in Maces & Flails
 10025 | D:8      | Reached skill level 1 in Invocations
 10286 | D:8      | Found a sacrificial altar of Ru.
 10363 | D:8      | Reached XP level 11. HP: 37/63 MP: 5/12
 10592 | D:8      | Noticed a death yak
 10602 | D:8      | Killed a death yak
 10739 | D:8      | Found an ancient bone altar of Kikubaaqudgha.
 10862 | D:9      | Noticed Joseph
 10868 | D:9      | Killed Joseph
 10869 | D:9      | Reached skill level 11 in Maces & Flails
 11028 | D:9      | Found a burning altar of Makhleb.
 11031 | D:9      | Found a shadowy altar of Dithmenos.
 11031 | D:9      | Found a stormy altar of Qazlal.
 11168 | D:9      | Found a shimmering altar of Xom.
 11168 | D:9      | Found an ancient bone altar of Kikubaaqudgha.
 11168 | D:9      | Found a shimmering blue altar of Sif Muna.
 11486 | D:9      | Noticed Grum
 11508 | D:9      | Killed Grum
 11861 | D:10     | Entered Level 10 of the Dungeon
 11900 | D:10     | Noticed Erica
 11912 | D:10     | Killed Erica
 11997 | D:10     | Found a flagged portal.
 12105 | Bailey   | Entered a bailey
 12126 | Bailey   | Noticed an orc knight
 12169 | Bailey   | Killed an orc knight
 12189 | Bailey   | Noticed an orc knight
 12338 | Bailey   | Killed an orc knight
 12555 | D:10     | Noticed a two-headed ogre
 12560 | D:10     | Killed a two-headed ogre
 12561 | D:10     | Reached skill level 10 in Fighting
 12561 | D:10     | Reached XP level 12. HP: 60/69 MP: 12/15
 12627 | D:10     | Reached **** piety under Hepliaklqana
 12843 | D:10     | Noticed Josephine
 12853 | D:10     | Killed Josephine
 12854 | D:10     | Reached skill level 12 in Maces & Flails
 12854 | D:10     | Reached skill level 5 in Invocations
 13203 | D:10     | Noticed Maggie
 13215 | D:10     | Killed Maggie
 13480 | D:10     | Found a broken altar of Ashenzari.
 13896 | D:11     | Reached skill level 10 in Armour
 14034 | D:11     | Found a staircase to the Lair.
 14159 | D:11     | Noticed Harold
 14172 | D:11     | Killed Harold
 14671 | D:12     | Noticed a four-headed hydra
 14677 | D:12     | Killed a four-headed hydra
 14814 | D:12     | Found a sacrificial altar of Ru.
 14923 | D:12     | Found a staircase to the Orcish Mines.
 14923 | D:12     | Found Irghede's Armour Emporium.
 14923 | D:12     | Found Vuymy's Weapon Emporium.
 15215 | D:12     | Noticed a seven-headed hydra
 15224 | D:12     | Killed a seven-headed hydra
 15319 | D:12     | Reached skill level 13 in Maces & Flails
 15319 | D:12     | Reached XP level 13. HP: 71/75 MP: 17/17
 15738 | D:13     | Noticed Rupert
 15738 | D:13     | Noticed Urug
 15738 | D:13     | Found a gate to the Vaults.
 15817 | Lair:1   | Entered Level 1 of the Lair of Beasts
 15913 | Lair:1   | Reached ***** piety under Hepliaklqana
 16683 | Lair:2   | Found a hole to the Spider Nest.
 16742 | Lair:2   | Reached skill level 10 in Shields
 17958 | Lair:3   | Reached skill level 14 in Maces & Flails
 18220 | Lair:3   | Found a transporter.
 18241 | Lair:3   | Noticed Hyuhua's ghost (journeyman MiBe)
 18315 | Lair:3   | Found a transporter.
 18433 | Lair:3   | Gained mutation: Your large and strong wings let you fly.
                  | [Gargoyle growth]
 18433 | Lair:3   | Reached XP level 14. HP: 81/81 MP: 20/20
 18783 | Lair:3   | Found a staircase to the Swamp.
 21112 | Lair:5   | Reached ****** piety under Hepliaklqana
 21201 | Lair:5   | Learned a level 6 spell: Shadow Creatures
 21444 | Lair:5   | Reached skill level 15 in Maces & Flails
 21890 | Lair:6   | Entered Level 6 of the Lair of Beasts
 22244 | Lair:6   | Reached XP level 15. HP: 85/87 MP: 22/22
 22644 | Lair:6   | Reached skill level 10 in Invocations
 23368 | Lair:6   | Found a staircase to the Slime Pits.
 23645 | Orc:1    | Entered Level 1 of the Orcish Mines
 23811 | Orc:1    | Found a large runed translucent door.
 23812 | Orc:1    | Found a large runed translucent door.
 23814 | Orc:1    | Noticed tsouns's ghost (journeyman KoEn)
 23830 | Orc:1    | Reached skill level 16 in Maces & Flails
 24121 | Orc:2    | Entered Level 2 of the Orcish Mines
 24124 | Orc:2    | Noticed Sonja
 24130 | Orc:2    | Noticed Sonja
 24130 | Orc:2    | Sonja changed into Sonja the basilisk
 24139 | Orc:2    | Killed Sonja the basilisk
 24175 | Orc:2    | Found a frozen archway.
 24233 | IceCv    | Entered an ice cave
 24604 | IceCv    | Noticed a frost giant
 24627 | IceCv    | Reached XP level 16. HP: 81/93 MP: 20/24
 24832 | IceCv    | Identified the +5 flail of Conformity {vamp, rElec Dex+4}
 25650 | Orc:2    | Noticed Donald
 26034 | Orc:2    | Killed Donald
 26179 | Orc:2    | Found a staircase to the Elven Halls.
 26222 | Orc:2    | Found Dyamn's Jewellery Emporium.
 26718 | Orc:2    | Found Isios's Antique Armour Emporium.
 26719 | Orc:2    | Found Ukhut's Antique Armour Boutique.
 26726 | Orc:2    | Bought a pair of boots for 166 gold pieces
 26731 | Orc:2    | Bought a pair of embroidered gloves for 277 gold pieces
 26742 | Orc:2    | Bought a smouldering hat for 333 gold pieces
 26742 | Orc:2    | Identified the +3 hat of Vehumet's Castigation {rPois} (You
                  | bought it in a shop on level 2 of the Orcish Mines)
 26746 | Orc:2    | Found Dasepeag's Magic Scroll Shoppe.
 26754 | Orc:2    | Bought a scroll of enchant armour for 75 gold pieces
 26754 | Orc:2    | Bought a scroll of blinking for 75 gold pieces
 27235 | D:12     | Killed Rupert
 27578 | D:13     | Killed Urug
 27875 | D:13     | Noticed Maurice
 27886 | D:13     | Killed Maurice
 28292 | D:13     | Noticed Erolcha
 28300 | D:13     | Killed Erolcha
 28764 | D:14     | Shot with an arrow by a centaur warrior

Illustrated notes

Levels and vault maps discovered:
D:1:      nzn_arrival_settlement, layout_rooms
D:2:      layout_basic, hellmonk_ecumenical_altar_arch_garden, serial_shops,
          shop, grunt_ministairs_7, uniq_sigmund
D:3:      layout_basic, uniq_terence, uniq_grinder
D:4:      minmay_bubble_buster, layout_loops_ring, uniq_natasha, uniq_robin,
          uniq_eustachio, uniq_ijyb
D:5:      layout_loops_ring, temple_statues, minivault_26
D:6:      layout_layer_cave, lemuel_zombie_altar_yredelemnul,
          mainiacjoe_overflow_large_starburst, corexii_hall_statues_s,
          moated_statue, chequers_serial_rivers_micro_a, kennysheep_small_square
D:7:      layout_basic, fedhas_bush_and_centaur_altar, serial_shops,
          nicolae_shop_stone, palyth_stone_intersect, serial_bayou_ford_a
D:8:      argonaut_augean_stables, layout_cave_pools, general_overflow_altar,
          marbit_many_paths
D:9:      layout_loops_ring, doesnt_xom_only_xom, uniq_grum, uniq_joseph
D:10:     layout_roguey, ashenzari_altar_1, enter_bailey_5, uniq_erica,
          uniq_maggie, uniq_josephine
D:11:     layout_basic, lair_entry_dummy, minmay_misc_feat_tower, uniq_harold
D:12:     layout_basic, orc_david_3, nicolae_ru_awakened_eye
D:13:     layout_stronghold, david_vaults_3, uniq_erolcha, uniq_maurice
D:14:     layout_big_octagon, serial_park, serial_park_gazebo
          [serial_park_minivault_5x5_6], serial_park_square3
          [serial_park_minivault_5x5_1], lemuel_crystal_altar, evilmike_minifort
Lair:1:   layout_chaotic_city
Lair:2:   layout_long_grid, spider_nest_entry_a
Lair:3:   layout_chaotic_city, nicolae_swamp_entry_splash_gauntlet,
          nzn_ghost_randoct, nicolae_quartered_pool_super,
          chequers_serial_rivers_micro_c
Lair:4:   layout_cave_pods, grunt_megastairs_2, minmay_lair_oklob_chamber
Lair:5:   beast_lair_carwin_large_1, layout_hall_layers,
          infiniplex_staircase_pool_2
Lair:6:   minmay_lair_end_frog_pond, layout_misc_corridors,
          minmay_slime_entry_oklob_enclosed
Orc:1:    layout_diamond_mine, ebering_ghost_disaster_area
Orc:2:    st_orc_open, layout_caves, portal_ice_cave_entry_ice_simulacra,
          uniq_donald, uniq_sonja

Skill      XL: |  1  2  3  4  5  6  7  8  9 10 11 12 13 14 15 16 |
---------------+-------------------------------------------------+-----
Armour         | 1 2 3 4 5 7 8 9 10 11 12 13 14 | 14.1
Maces & Flails | 4 5 6 8 9 10 11 13 14 15 16 | 16.0
Fighting       | 4 5 6 8 9 10 11 12 13 14 | 14.4
Shields        | 5 7 8 9 10 11 12 13 | 13.5
Invocations    | 2 4 6 8 9 10 12 | 12.1
Dodging        | |  2.4
Stealth        | |  2.1

Action                   |  1- 3 |  4- 6 |  7- 9 | 10-12 | 13-15 | 16-18 || total
-------------------------+-------+-------+-------+-------+-------+-------++-------
Melee: Mace              |   126 |    26 |       |    30 |       |       ||   182
       Flail             |       |    69 |   563 |    27 |       |       ||   659
       Eveningstar       |       |       |       |   635 |  1181 |   434 ||  2250
Throw: Throwing net      |     1 |       |       |       |       |       ||     1
       Dart              |       |       |     3 |    25 |       |     4 ||    32
Invok: Ancestor Life: He |       |       |       |     1 |       |       ||     1
       Ancestor Identity |       |       |       |     1 |       |       ||     1
Evoke: Wand              |       |       |       |     2 |     9 |       ||    11
       Condenser vane    |       |       |       |       |     1 |     2 ||     3
       Phantom mirror    |       |       |       |       |       |     1 ||     1
       Tin of tremorston |       |       |       |       |       |     1 ||     1
  Use: Scroll            |     6 |     1 |     4 |    12 |     8 |     7 ||    38
       Potion            |       |     1 |       |     1 |     3 |       ||     5
 Stab: Sleeping          |     3 |       |       |       |       |       ||     3
       Distracted        |       |       |       |     4 |    18 |     6 ||    28
       Confused          |       |       |       |     8 |    23 |     5 ||    36
       Paralysed         |       |       |       |       |    37 |    21 ||    58
       Petrified         |       |       |       |       |     5 |       ||     5
Armor: Robe              |    16 |       |       |       |       |       ||    16
       Plate armour      |    84 |    76 |   501 |   600 |   794 |   281 ||  2336
Dodge: Dodged            |    56 |    25 |   125 |    87 |   141 |    76 ||   510
Block: Tower shield      |       |       |   179 |   653 |  1044 |   457 ||  2333

Table legend: (Time is in decaauts)
 A = Elapsed time spent in this place.
 B = Non-inter-level travel time spent in this place.
 C = Inter-level travel time spent in this place.
 D = Time resting spent in this place.
 E = Time spent auto-exploring this place.
 F = Levels seen in this place.
 G = Mean time per level.
                   A        B        C        D        E       F      G
               +--------+--------+--------+--------+--------+-----+--------+
         Total |  29153 |  28153 |   1000 |    771 |  21055 |  24 | 1214.7 |
       Dungeon |  17564 |  16891 |    673 |    771 |  12501 |  14 | 1254.6 |
          Lair |   7805 |   7569 |    236 |      0 |   6001 |   6 | 1300.8 |
  Orcish Mines |   2298 |   2207 |     91 |      0 |   1703 |   2 | 1149.0 |
        Bailey |    421 |    421 |      0 |      0 |    148 |   1 |  421.0 |
      Ice Cave |   1064 |   1064 |      0 |      0 |    701 |   1 | 1064.0 |
               +--------+--------+--------+--------+--------+-----+--------+

Top non-repeatable levels by time:
     D:4: 2073 daAuts
     D:3: 1943 daAuts
    D:12: 1679 daAuts
     D:7: 1637 daAuts
  Lair:4: 1548 daAuts
  Lair:2: 1526 daAuts
  Lair:5: 1508 daAuts
   Orc:2: 1467 daAuts
    D:10: 1447 daAuts
     D:5: 1341 daAuts
  Lair:6: 1289 daAuts
     D:6: 1208 daAuts
    D:13: 1165 daAuts
  Lair:3: 1075 daAuts
    D:11: 1071 daAuts
